TOP OF THE 1ST |
Pocatello Boccabellas batting - Pitching for Austin River Sharks : RHP José Martínez
|
Pitching: RHP José Martínez
|
|
Batting: SHB Guillermo Ortíz
|
0-0: Ball 1-0: DOUBLE (Flyball, 8LD) - OUT at third base trying to stretch hit.
|
Batting: RHB Marlon Phipps
|
0-0: Ball 1-0: SINGLE (Line Drive, 56D)
|
Batting: LHB Juan Cortés
|
0-0: Called Strike 0-1: Foul Ball, location: 2F 0-2: Ball 1-2: Foul Ball, location: 2F 1-2: Strikes out swinging
|
Batting: RHB Francisco Sandoval
|
0-0: Ball 1-0: Foul Ball, location: 2F 1-1: Called Strike 1-2: Hit by Pitch Marlon Phipps to second
|
Batting: RHB Rodrigo Gallegos
|
0-0: Called Strike 0-1: Called Strike 0-2: Ball 1-2: Ground out 4-3 (Groundball, 13)
|
Top of the 1st over - 0 run(s), 2 hit(s), 0 error(s), 2 left on base; Pocatello 0 - Austin 0 |
BOTTOM OF THE 1ST |
Austin River Sharks batting - Pitching for Pocatello Boccabellas : RHP Kevin Bush
|
Pitching: RHP Kevin Bush
|
|
Batting: LHB Miguel Pérez
|
0-0: Ball 1-0: Ground out 3-1 (Groundball, 34)
|
Batting: LHB Luis Padilla
|
0-0: Ball 1-0: Swinging Strike 1-1: Ball 2-1: Called Strike 2-2: Ground out 4-3 (Groundball, 4S)
|
Batting: LHB Roberto García
|
0-0: Called Strike 0-1: Ball 1-1: Ball 2-1: Foul Ball, location: 2F 2-2: Foul Ball, location: 2F 2-2: Ball 3-2: Foul Ball, location: 2F 3-2: Base on Balls
|
Batting: LHB Pedro Zaragoza
|
0-0: Ball 1-0: Swinging Strike 1-1: Foul Ball, location: 2F 1-2: Foul Ball, location: 2F 1-2: Foul Ball, location: 2F 1-2: Ball 2-2: Foul Ball, location: 2F 2-2: Foul Ball, location: 2F 2-2: Strikes out swinging
|
Bottom of the 1st over - 0 run(s), 0 hit(s), 0 error(s), 1 left on base; Pocatello 0 - Austin 0 |
TOP OF THE 2ND |
Pocatello Boccabellas batting - Pitching for Austin River Sharks : RHP José Martínez
|
Batting: RHB Sugita Ito
|
0-0: Foul Ball, location: 2F 0-1: Swinging Strike 0-2: Fly out, F8 (Flyball, 89XD)
|
Batting: RHB Ernesto Acosta
|
0-0: Ball 1-0: Called Strike 1-1: Foul Ball, location: 2F 1-2: Ball 2-2: Strikes out swinging
|
Batting: RHB Pedro Guzmán
|
0-0: Foul Ball, location: 2F 0-1: Ball 1-1: Ball 2-1: Swinging Strike 2-2: Ball 3-2: Foul Ball, location: 2F 3-2: Base on Balls
|
Batting: RHB Pete Harvey
|
0-0: Called Strike Pedro Guzmán steals 2nd base 0-1: Swinging Strike 0-2: Ground out 6-3 (Groundball, 6M)
|
Top of the 2nd over - 0 run(s), 0 hit(s), 0 error(s), 1 left on base; Pocatello 0 - Austin 0 |
BOTTOM OF THE 2ND |
Austin River Sharks batting - Pitching for Pocatello Boccabellas : RHP Kevin Bush
|
Batting: SHB Juan Castro
|
0-0: Ball 1-0: SINGLE (Groundball, 4MD)
|
Batting: RHB Rich Ruffin
|
0-0: SINGLE (Groundball, 3D) Juan Castro to second Runner from 2nd tries for 3rd, SAFE, throw made to third
|
Batting: RHB Kenneth Roberts
|
0-0: Ball 1-0: Ball 2-0: Foul Ball, location: 2F 2-1: Ground out 5-3 (Groundball, 5S) Juan Castro scores Rich Ruffin to second
|
Batting: RHB Hidetada Kichida
|
0-0: Ball 1-0: Ball 2-0: Foul Ball, location: 2F 2-1: Swinging Strike 2-2: Ground out 5-3 (Groundball, 5S) Rich Ruffin to third
|
Batting: RHB Edouard Padovano
|
0-0: DOUBLE (Flyball, 7LM) Rich Ruffin scores
|
Batting: LHB Miguel Pérez
|
0-0: SINGLE (Flyball, 9S) Edouard Padovano to third Runner from 3rd tries for Home, SAFE, no throw or cutoff
|
Batting: LHB Luis Padilla
|
0-0: Ball 1-0: Foul Ball, location: 2F 1-1: Ball 2-1: DOUBLE (Line Drive, 89XD) Miguel Pérez to third
|
Batting: LHB Roberto García
|
0-0: Ball 1-0: Ball 2-0: Called Strike 2-1: Fly out, F4 (Popup, 4M)
|
Bottom of the 2nd over - 3 run(s), 5 hit(s), 0 error(s), 2 left on base; Pocatello 0 - Austin 3 |
TOP OF THE 3RD |
Pocatello Boccabellas batting - Pitching for Austin River Sharks : RHP José Martínez
|
Batting: SHB Guillermo Ortíz
|
0-0: Ball 1-0: Ball 2-0: Called Strike 2-1: Foul Ball, location: 2F 2-2: Foul Ball, location: 2F 2-2: Ball 3-2: Strikes out swinging
|
Batting: RHB Marlon Phipps
|
0-0: Called Strike 0-1: Foul Ball, location: 2F 0-2: Strikes out swinging
|
Batting: LHB Juan Cortés
|
0-0: Ball 1-0: Swinging Strike 1-1: Swinging Strike 1-2: Strikes out looking
|
Top of the 3rd over - 0 run(s), 0 hit(s), 0 error(s), 0 left on base; Pocatello 0 - Austin 3 |
BOTTOM OF THE 3RD |
Austin River Sharks batting - Pitching for Pocatello Boccabellas : RHP Kevin Bush
|
Batting: LHB Pedro Zaragoza
|
0-0: Called Strike 0-1: Foul Ball, location: 2F 0-2: Foul Ball, location: 2F 0-2: Ground out 4-3 (Groundball, 4)
|
Batting: SHB Juan Castro
|
0-0: Ball 1-0: Ball 2-0: DOUBLE (Flyball, 8RXD)
|
Batting: RHB Rich Ruffin
|
0-0: Ball 1-0: Called Strike 1-1: Swinging Strike 1-2: Ball 2-2: Strikes out swinging
|
Batting: RHB Kenneth Roberts
|
0-0: Ground out 6-3 (Groundball, 6)
|
Bottom of the 3rd over - 0 run(s), 1 hit(s), 0 error(s), 1 left on base; Pocatello 0 - Austin 3 |
TOP OF THE 4TH |
Pocatello Boccabellas batting - Pitching for Austin River Sharks : RHP José Martínez
|
Batting: RHB Francisco Sandoval
|
0-0: Ball 1-0: Ground out 5-3 (Groundball, 56)
|
Batting: RHB Rodrigo Gallegos
|
0-0: Called Strike 0-1: Foul Ball, location: 2F 0-2: Strikes out looking
|
Batting: RHB Sugita Ito
|
0-0: Ball 1-0: Foul Ball, location: 2F 1-1: Ball 2-1: Ball 3-1: Ground out 3-1 (Groundball, 34S)
|
Top of the 4th over - 0 run(s), 0 hit(s), 0 error(s), 0 left on base; Pocatello 0 - Austin 3 |
BOTTOM OF THE 4TH |
Austin River Sharks batting - Pitching for Pocatello Boccabellas : RHP Kevin Bush
|
Batting: RHB Hidetada Kichida
|
0-0: Called Strike 0-1: Ball 1-1: Swinging Strike 1-2: Foul Ball, location: 2F 1-2: Ball 2-2: Strikes out swinging
|
Batting: RHB Edouard Padovano
|
0-0: Foul Ball, location: 2F 0-1: Ground out 6-3 (Groundball, 6M)
|
Batting: LHB Miguel Pérez
|
0-0: Called Strike 0-1: Ball 1-1: Foul Ball, location: 2F 1-2: Ball 2-2: Ball 3-2: Strikes out looking
|
Bottom of the 4th over - 0 run(s), 0 hit(s), 0 error(s), 0 left on base; Pocatello 0 - Austin 3 |
TOP OF THE 5TH |
Pocatello Boccabellas batting - Pitching for Austin River Sharks : RHP José Martínez
|
Batting: RHB Ernesto Acosta
|
0-0: Called Strike 0-1: Ground out 1-3 (Groundball, 13S)
|
Batting: RHB Pedro Guzmán
|
0-0: Fly out, F7 (Flyball, 78D)
|
Batting: RHB Pete Harvey
|
0-0: Ball 1-0: Called Strike 1-1: Ball 2-1: Foul Ball, location: 2F 2-2: Strikes out looking
|
Top of the 5th over - 0 run(s), 0 hit(s), 0 error(s), 0 left on base; Pocatello 0 - Austin 3 |
BOTTOM OF THE 5TH |
Austin River Sharks batting - Pitching for Pocatello Boccabellas : RHP Kevin Bush
|
Batting: LHB Luis Padilla
|
0-0: SINGLE (Line Drive, 4MD)
|
Batting: LHB Roberto García
|
0-0: Called Strike 0-1: Foul Ball, location: 2F 0-2: SINGLE (Groundball, 56D) Luis Padilla to second
|
Batting: LHB Pedro Zaragoza
|
0-0: Called Strike 0-1: Ball 1-1: Ball 2-1: Swinging Strike 2-2: Foul Ball, location: 2F 2-2: Fielders Choice at 2nd, 3-6 (Groundball, 3) Luis Padilla to third
|
Batting: SHB Juan Castro
|
0-0: Called Strike 0-1: Ball 1-1: Ball 2-1: Swinging Strike 2-2: Foul Ball, location: 2F 2-2: Strikes out swinging
|
Batting: RHB Rich Ruffin
|
0-0: Ball 1-0: Foul Ball, location: 2F 1-1: Ball 2-1: SINGLE (Flyball, 6MD) Luis Padilla scores Pedro Zaragoza to second
|
Batting: RHB Kenneth Roberts
|
0-0: Foul Ball, location: 2F 0-1: Ball Wild Pitch! Pedro Zaragoza to third Rich Ruffin to second 1-1: Swinging Strike 1-2: Ball 2-2: Ball 3-2: Ground out 5-3 (Groundball, 5L)
|
Bottom of the 5th over - 1 run(s), 3 hit(s), 0 error(s), 2 left on base; Pocatello 0 - Austin 4 |
TOP OF THE 6TH |
Pocatello Boccabellas batting - Pitching for Austin River Sharks : RHP José Martínez
|
Batting: SHB Guillermo Ortíz
|
0-0: Foul Ball, location: 2F 0-1: Ball 1-1: Swinging Strike 1-2: Foul Ball, location: 2F 1-2: Foul Ball, location: 2F 1-2: Ball 2-2: Strikes out looking
|
Batting: RHB Marlon Phipps
|
0-0: Ball 1-0: Foul Ball, location: 2F 1-1: Fly out, F4 (Popup, 34D)
|
Batting: LHB Juan Cortés
|
0-0: Ball 1-0: Foul Ball, location: 2F 1-1: Foul Ball, location: 2F 1-2: Ball 2-2: Ball 3-2: Foul Ball, location: 2F 3-2: Strikes out looking
|
Top of the 6th over - 0 run(s), 0 hit(s), 0 error(s), 0 left on base; Pocatello 0 - Austin 4 |
BOTTOM OF THE 6TH |
Austin River Sharks batting - Pitching for Pocatello Boccabellas : RHP Kevin Bush
|
Batting: RHB Hidetada Kichida
|
0-0: Ball 1-0: Ground out 6-3 (Groundball, 6)
|
Batting: RHB Edouard Padovano
|
0-0: Foul Ball, location: 2F 0-1: Ball 1-1: Swinging Strike 1-2: Strikes out swinging
|
Batting: LHB Miguel Pérez
|
0-0: Ground out U3 (Groundball, 3)
|
Bottom of the 6th over - 0 run(s), 0 hit(s), 0 error(s), 0 left on base; Pocatello 0 - Austin 4 |
TOP OF THE 7TH |
Pocatello Boccabellas batting - Pitching for Austin River Sharks : RHP José Martínez
|
Batting: RHB Francisco Sandoval
|
0-0: Foul Ball, location: 2F 0-1: Ball 1-1: Ball 2-1: DOUBLE (Flyball, 89XD)
|
Batting: RHB Rodrigo Gallegos
|
0-0: Ball 1-0: Foul Ball, location: 2F 1-1: Foul Ball, location: 2F 1-2: Foul Ball, location: 2F 1-2: Strikes out swinging
|
Pitching: RHP Soichiro Ikeda
|
|
Batting: RHB Sugita Ito
|
0-0: Swinging Strike 0-1: Ball 1-1: Called Strike 1-2: Foul Ball, location: 2F 1-2: Ball 2-2: Strikes out looking
|
Batting: RHB Ernesto Acosta
|
0-0: Ball 1-0: Ground out 1-3 (Groundball, 13)
|
Top of the 7th over - 0 run(s), 1 hit(s), 0 error(s), 1 left on base; Pocatello 0 - Austin 4 |
BOTTOM OF THE 7TH |
Austin River Sharks batting - Pitching for Pocatello Boccabellas : RHP Kevin Bush
|
Batting: LHB Luis Padilla
|
0-0: Ball 1-0: SINGLE (Groundball, 34D)
|
Batting: LHB Roberto García
|
0-0: Ball 1-0: SINGLE (Groundball, 6MD) Luis Padilla to second
|
Batting: LHB Pedro Zaragoza
|
0-0: Ball 1-0: Called Strike 1-1: Swinging Strike 1-2: Strikes out swinging
|
Batting: SHB Juan Castro
|
0-0: Ball 1-0: Ball 2-0: Foul Ball, location: 2F 2-1: SINGLE (Line Drive, 6M) Luis Padilla to third Roberto García to second
|
Pitching: RHP Bill Lowe
|
|
Batting: RHB Rich Ruffin
|
0-0: Ball 1-0: Ball 2-0: Swinging Strike 2-1: Foul Ball, location: 2F 2-2: Foul Ball, location: 2F 2-2: Strikes out looking
|
Batting: RHB Kenneth Roberts
|
0-0: Ball 1-0: Called Strike 1-1: Swinging Strike 1-2: Strikes out swinging
|
Bottom of the 7th over - 0 run(s), 3 hit(s), 0 error(s), 3 left on base; Pocatello 0 - Austin 4 |
TOP OF THE 8TH |
Pocatello Boccabellas batting - Pitching for Austin River Sharks : RHP Soichiro Ikeda
|
Batting: RHB Pedro Guzmán
|
0-0: Ball 1-0: Called Strike 1-1: Swinging Strike 1-2: Ball 2-2: Strikes out looking
|
Pitching: RHP Armen Boyajian
|
|
Batting: RHB Pete Harvey
|
0-0: Foul Ball, location: 2F 0-1: DOUBLE (Groundball, 5L)
|
Batting: SHB Guillermo Ortíz
|
0-0: Ball 1-0: SINGLE (Line Drive, 34) Pete Harvey to third Runner from 3rd tries for Home, SAFE, throw made home
|
Batting: RHB Marlon Phipps
|
0-0: Foul Ball, location: 2F 0-1: Foul Ball, location: 2F 0-2: Strikes out swinging
|
Pitching: LHP Miguel Martínez
|
|
Batting: LHB Juan Cortés
|
0-0: Called Strike 0-1: Ball 1-1: Swinging Strike 1-2: Strikes out looking
|
Top of the 8th over - 1 run(s), 2 hit(s), 0 error(s), 1 left on base; Pocatello 1 - Austin 4 |
BOTTOM OF THE 8TH |
Austin River Sharks batting - Pitching for Pocatello Boccabellas : RHP Bill Lowe
|
Batting: RHB Hidetada Kichida
|
0-0: Called Strike 0-1: Ball 1-1: Foul Ball, location: 2F 1-2: Ground out 4-3 (Groundball, 34)
|
Batting: RHB Edouard Padovano
|
0-0: Ball 1-0: Ground out 1-3 (Groundball, 25)
|
Batting: LHB Miguel Pérez
|
0-0: Fly out, F5 (Popup, 25F)
|
Bottom of the 8th over - 0 run(s), 0 hit(s), 0 error(s), 0 left on base; Pocatello 1 - Austin 4 |
TOP OF THE 9TH |
Pocatello Boccabellas batting - Pitching for Austin River Sharks : LHP Miguel Martínez
|
Pitching: RHP Daniel Morris
|
|
Batting: RHB Francisco Sandoval
|
0-0: Ball 1-0: Ball 2-0: Called Strike 2-1: Ball 3-1: Ground out 6-3 (Groundball, 6)
|
Batting: RHB Rodrigo Gallegos
|
0-0: Ball 1-0: Called Strike 1-1: Ball 2-1: Foul Ball, location: 2F 2-2: Fly out, F9 (Flyball, 89S)
|
Batting: RHB Sugita Ito
|
0-0: Called Strike 0-1: Ball 1-1: Called Strike 1-2: Foul Ball, location: 2F 1-2: Strikes out swinging
|
Top of the 9th over - 0 run(s), 0 hit(s), 0 error(s), 0 left on base; Pocatello 1 - Austin 4 |
|